 Dungeon Crawl Stone Soup version 0.19.0-1-g5985abe (webtiles) character file.

2141 Monkfish the Slicer (level 9, -2/55 HPs)
             Began as a Kobold Berserker on Nov 2, 2016.
             Was a Priest of Trog.
             Killed from afar by an electric eel (8 damage)
             ... with a bolt of electricity
             ... on level 6 of the Dungeon.
             The game lasted 00:10:21 (4674 turns).

Monkfish the Slicer (Kobold Berserker)              Turns: 4674, Time: 00:10:22

Health: -2/55      AC:  6    Str: 15    XL:     9   Next: 55%
Magic:  9/9        EV: 18    Int:  8    God:    Trog [***...]
Gold:   200        SH:  0    Dex: 20    Spells: 0 memorised, 8 levels left

rFire  . . .     SeeInvis .     p - +0 rapier (protect)
rCold  + . .     Gourm    .     g - +1 leather armour {rC+}
rNeg   . . .     Faith    .     (shield restricted)
rPois  .         Spirit   .     (no helmet)
rElec  .         Reflect  .     m - +0 cloak
rCorr  .         Harm     .     (no gloves)
MR     ++...                    n - +0 pair of boots
Stlth  +++.......               (no amulet)
                                l - +3 ring of dexterity
                                i - ring of stealth

@: regenerating
A: carnivore 3
a: Berserk, Trog's Hand, Burn Spellbooks, Renounce Religion


You were on level 6 of the Dungeon.
You worshipped Trog.
Trog was most pleased with you.
You were very full.

You visited 1 branch of the dungeon, and saw 6 of its levels.

You collected 200 gold pieces.

Inventory:

Hand Weapons
 k - a +1 dagger of speed
 p - a +0 rapier of protection (weapon)
Armour
 b - a +0 leather armour of fire resistance
 g - a +1 leather armour of cold resistance (worn)
 m - a +0 cloak (worn)
 n - a +0 pair of boots (worn)
 r - a +0 leather armour of fire resistance
Jewellery
 i - a ring of stealth (left hand)
 l - a +3 ring of dexterity (right hand)
Wands
 o - a wand of hasting (2/9)
 q - a wand of random effects (24/48)
Scrolls
 d - 3 scrolls of remove curse
 e - 3 scrolls of fog
 f - 2 scrolls of identify
 h - 4 scrolls of teleportation
Potions
 a - 3 potions of haste
Comestibles
 c - 4 meat rations
 j - 2 royal jellies


   Skills:
 + Level 6.2 Fighting
 + Level 10.0 Short Blades
 - Level 1.5 Armour
 + Level 5.8 Dodging
 * Level 10.0 Stealth


You had 8 spell levels left.
You didn't know any spells.

Dungeon Overview and Level Annotations

Branches:
Dungeon (6/15)             Temple (0/1) D:6

Altars:
Ashenzari
Makhleb
Okawaru
Trog
Uskayaw


Innate Abilities, Weirdness & Mutations

You are small and have problems with some larger weapons.
You are carnivorous and can eat meat at any time.


Message History

The bolt of electricity misses you.
The electric eel shoots out a bolt of lightning at you!
The bolt of electricity hits you! x2
The bolt of electricity hits the electric eel.
The electric eel completely resists.
Your skin crawls.
You feel resistant to hostile enchantments.
The electric eel shoots out a bolt of lightning at you!
The bolt of electricity misses you. The bolt of electricity hits you!
The bolt of electricity hits the electric eel.
The electric eel completely resists.
The bolt of electricity hits the bullfrog zombie.
The electric eel shoots out a bolt of lightning at you!
The bolt of electricity misses you. The bolt of electricity hits you!
* * * LOW HITPOINT WARNING * * *
The bolt of electricity hits the electric eel.
The electric eel completely resists.
The electric eel shoots out a bolt of lightning at you!
The bolt of electricity misses you. The bolt of electricity hits you!
You die...

#..#♣≈≈≈≈≈≈≈≈≈≈≈≈≈≈≈≈≈≈≈
##.≈♣≈≈≈PP≈≈≈≈≈≈≈≈≈≈≈≈≈≈
#.♣≈P♣P≈P≈≈≈≈≈≈≈≈≈≈≈≈≈≈
#.≈≈≈≈≈≈≈P≈≈≈≈Z≈≈≈≈≈≈≈≈
#..≈♣≈≈♣≈P≈≈≈≈≈≈≈≈≈≈≈≈≈
##..♣♣≈≈≈≈≈≈≈≈≈≈≈≈≈≈≈≈
##...♣≈≈≈P≈≈P≈;≈≈≈≈≈≈
###..♣≈♣♣≈≈P♣;≈P≈≈≈P
##...≈♣≈≈♣@♣≈♣P≈
########≈PZ♣ #####


You could see 2 electric eels and a bullfrog zombie.

Vanquished Creatures
  Pikel (D:4)
  Grinder (D:3)
  A hungry ghost (D:5)
  Duvessa (D:6)
  A phantom (D:4)
  3 slaves (D:4)
  An ice beast (D:5)
  An ogre (D:5)
  Blork the orc (D:5)
  A bullfrog (D:6)
  Dowan (D:6)
  A scorpion (D:5)
  2 electric eels (D:6)
  A crimson imp (D:6)
  A centaur zombie (D:6)
  4 orc wizards
  2 hounds
  Terence (D:2)
  2 worker ants (D:4)
  Ijyb (D:2)
  Natasha (thrice) (D:3)
  3 iguanas (D:4)
  4 gnolls (D:4)
  3 adders
  2 shadow imps (D:6)
  3 oozes
  6 worms (D:2)
  A dart slug (D:1)
  2 leopard geckos
  21 orcs
  A ball python (D:1)
  7 bats
  3 giant cockroaches
  6 goblins
  9 hobgoblins
  4 jackals (D:6)
  3 quokkas
  3 frilled lizards
  8 kobolds
  A quokka skeleton (D:3)
  7 rats
128 creatures vanquished.

Notes
Turn   | Place    | Note
-------+----------+-------------------------------------------
     0 | D:1      | Monkfish the Kobold Berserker began the quest for the Orb.
     0 | D:1      | Reached XP level 1. HP: 14/14 MP: 1/1
    70 | D:1      | Reached XP level 2. HP: 10/19 MP: 2/2
   357 | D:1      | Reached XP level 3. HP: 17/23 MP: 3/3
   442 | D:1      | Reached skill level 1 in Stealth
   645 | D:1      | Reached skill level 5 in Short Blades
   949 | D:2      | Reached ** piety under Trog
  1012 | D:2      | Noticed Ijyb
  1028 | D:2      | Killed Ijyb
  1028 | D:2      | Reached XP level 4. HP: 29/29 MP: 4/4
  1363 | D:2      | Noticed a moth of wrath
  1365 | D:2      | Noticed Terence
  1366 | D:2      | Found a bloodstained altar of Trog.
  1379 | D:2      | Killed Terence
  1379 | D:2      | Reached XP level 5. HP: 33/33 MP: 5/5
  1669 | D:3      | Noticed Natasha
  1672 | D:3      | Killed Natasha
  1711 | D:3      | Found a burning altar of Makhleb.
  1711 | D:3      | Noticed a cacodemon
  1714 | D:3      | Noticed a smoke demon
  1714 | D:3      | Noticed a smoke demon
  1831 | D:3      | Noticed Natasha
  1846 | D:3      | Killed Natasha
  1846 | D:3      | Reached XP level 6. HP: 38/38 MP: 6/6
  1874 | D:3      | Found a hide-covered altar of Uskayaw.
  1970 | D:3      | Noticed Natasha
  1976 | D:3      | Killed Natasha
  2071 | D:3      | Noticed Grinder
  2081 | D:3      | Killed Grinder
  2081 | D:3      | Reached skill level 5 in Stealth
  2081 | D:3      | Reached XP level 7. HP: 44/44 MP: 7/7
  2219 | D:4      | Noticed Pikel
  2867 | D:4      | Killed Pikel
  2867 | D:4      | Reached skill level 5 in Fighting
  2867 | D:4      | Reached XP level 8. HP: 49/49 MP: 8/8
  3231 | D:4      | Reached *** piety under Trog
  3770 | D:5      | Entered Level 5 of the Dungeon
  3808 | D:5      | Reached skill level 5 in Dodging
  3823 | D:5      | Found an iron altar of Okawaru.
  3860 | D:5      | Noticed Blork the orc
  3865 | D:5      | Killed Blork the orc
  3906 | D:5      | Reached XP level 9. HP: 54/54 MP: 9/9
  4030 | D:5      | Found a shattered altar of Ashenzari.
  4333 | D:6      | Found a staircase to the Ecumenical Temple.
  4519 | D:6      | Noticed Duvessa
  4521 | D:6      | Killed Duvessa
  4521 | D:6      | Reached skill level 10 in Stealth
  4523 | D:6      | Noticed Dowan
  4613 | D:6      | Killed Dowan
  4613 | D:6      | Reached skill level 10 in Short Blades
  4674 | D:6      | Killed from afar by an electric eel

Skill      XL: |  1  2  3  4  5  6  7  8  9 |
---------------+----------------------------+-----
Stealth        | 1 2 3 5 7 8 10 | 10.0
Short Blades   | 5 6 8 9 10 | 10.0
Dodging        | 3 4 5 |  5.8
Fighting       | 4 5 6 |  6.2
Armour         | |  1.5

Action                   |  1- 3 |  4- 6 |  7- 9 || total
-------------------------+-------+-------+-------++-------
Melee: Short sword       |    63 |       |       ||    63
       Dagger            |    74 |   152 |   472 ||   698
       Rapier            |       |       |    17 ||    17
Invok: Berserk           |     1 |     4 |    13 ||    18
       Trog's Hand       |       |     2 |    10 ||    12
Evoke: Wand              |       |       |     1 ||     1
  Use: Scroll            |     4 |     1 |     8 ||    13
       Potion            |     1 |     2 |     6 ||     9
 Stab: Sleeping          |     2 |     6 |    11 ||    19
       Distracted        |       |     1 |       ||     1
  Eat: Chunk             |     8 |     7 |    26 ||    41
Armor: Animal skin       |    18 |     8 |       ||    26
       Leather armour    |       |       |    35 ||    35
Dodge: Dodged            |    85 |    63 |   181 ||   329
